 Dungeon Crawl Stone Soup version 0.26-a0-491-g70697cc071 (webtiles) character file.

Game seed: 15217134602293265541

5037 Devinter the Fiendish (level 10, 0/74 HPs)
             Began as a Demonspawn Gladiator on Aug 5, 2020.
             Was a Priest of Makhleb.
             Splashed by a brown ugly thing's acid (7 damage)
             ... on level 10 of the Dungeon.
             The game lasted 00:48:11 (9388 turns).

Devinter the Fiendish (Demonspawn Gladiator)        Turns: 9388, Time: 00:48:12

Health: 0/74       AC:  8    Str: 16    XL:     10   Next: 30%
Magic:  17/17      EV: 12    Int: 11    God:    Makhleb [***...]
Gold:   320        SH:  0    Dex: 15    Spells: 9/9 levels left

rFire    . . .     SeeInvis +   z - +4 battleaxe (vorpal)
rCold    . . .     Faith    .   (shield currently unavailable)
rNeg     . . .     Spirit   .   F - +0 swamp dragon scales
rPois    +         Reflect  .   c - +0 helmet
rElec    .         Harm     .   E - +0 cloak
rCorr    .                      (no gloves)
MR       .....                  (no boots)
Stlth    ++........             (no amulet)
HPRegen  0.22/turn              N - ring of see invisible
MPRegen  0.15/turn              s - ring of stealth

@: corroded
A: claws 2, thin metallic scales 1, demonic guardian 1, powered by death 1
a: Minor Destruction, Lesser Servant of Makhleb, Renounce Religion


You were on level 10 of the Dungeon.
You worshipped Makhleb.
Makhleb was most pleased with you.
You visited 2 branches of the dungeon, and saw 11 of its levels.
You also visited: Sewer.

You collected 550 gold pieces.
You spent 230 gold pieces at shops.

Inventory:

Hand Weapons
 a - a +0 long sword
 y - a +0 hunting sling of freezing
 z - a +4 vorpal battleaxe (weapon)
 L - a +2 scimitar of flaming
Missiles
 d - 4 throwing nets (quivered)
 n - 3 boomerangs of dispersal
 o - 6 javelins
 q - 4 datura-tipped darts
 A - 87 arrows
 C - 4 atropa-tipped darts
 I - 4 silver javelins
 M - 16 poisoned darts
 P - 19 bolts
Armour
 c - a +0 helmet (worn)
 t - a +1 leather armour of magic resistance
 E - a +0 cloak (worn)
 F - +0 swamp dragon scales (worn)
Jewellery
 s - a ring of stealth (right claw)
 H - an uncursed ring of flight
 K - an uncursed ring of resist corrosion
 N - a ring of see invisible (left claw)
Wands
 l - a wand of flame (16)
 r - a wand of random effects (52)
 D - a wand of acid (19)
 G - a wand of enslavement (10)
 R - a wand of polymorph (5)
Scrolls
 b - 2 scrolls of magic mapping {unknown}
 h - 8 scrolls of identify
 i - 2 scrolls of blinking {unknown}
 k - a scroll of remove curse
 p - 8 scrolls of teleportation
 u - a scroll of fear {unknown}
 v - 5 scrolls of fog
 B - 5 scrolls of random uselessness {unknown}
 O - a scroll of enchant weapon
 Q - a scroll of immolation {unknown}
Potions
 e - a potion of experience {unknown}
 f - 3 potions of haste
 g - a potion of magic {unknown}
 j - 4 potions of curing
 m - 3 potions of heal wounds {unknown}
 w - a potion of degeneration
 x - 2 potions of flight {unknown}
 J - a potion of cancellation {unknown}
 S - a potion of stabbing {unknown}


   Skills:
 - Level 5.0 Fighting
 - Level 5.0 Long Blades
 + Level 9.8 Axes
 - Level 2.0 Throwing
 - Level 3.0 Armour
 - Level 3.0 Dodging
 - Level 10.0 Invocations


You had 9 spell levels left.
You didn't know any spells.
Your spell library was empty.

Dungeon Overview and Level Annotations

Branches:
Dungeon (10/15)            Temple (1/1) D:6             Orc (0/2) D:9
  Sewer (visited)
   Lair: D:8-11

Altars:
Ashenzari
Cheibriados
Dithmenos
Elyvilon
Fedhas
Gozag
Hepliaklqana
Kikubaaqudgha
Makhleb
Nemelex Xobeh
Okawaru
Qazlal
Ru
Sif Muna
Trog
Uskayaw
Vehumet
Wu Jian
Xom
Yredelemnul
Zin
The Shining One
Beogh

Shops:
D:4 ?}   D:9 *

Annotations:
D:5 Sigmund


Innate Abilities, Weirdness & Mutations

You have very sharp fingernails.
You are partially covered in thin metallic scales. (AC +2)
A weak demonic guardian rushes to your aid.
You regenerate a little health from kills.


Message History

The brown ugly thing is severely wounded.
Your ufetubus barely misses the brown ugly thing.
Your ufetubus hits the brown ugly thing.
The brown ugly thing misses you.
You hit the brown ugly thing but do no damage.
The brown ugly thing is severely wounded.
Your ufetubus hits the brown ugly thing.
Your ufetubus barely misses the brown ugly thing.
Your ufetubus hits the brown ugly thing but does no damage.
Your ufetubus barely misses the brown ugly thing.
Your neqoxec gestures.
The brown ugly thing kicks you but does no damage.
You closely miss the brown ugly thing.
The brown ugly thing is severely wounded.
Your ufetubus hits the brown ugly thing but does no damage.
Your ufetubus completely misses the brown ugly thing.
Your neqoxec hits the brown ugly thing. The brown ugly thing kicks you!
* * * LOW HITPOINT WARNING * * *
You are splashed with acid!
You die...

#. #.# #.# #######.##
######+## #........#
#......?. #........#
###55......
####........###.@u3......
.<.#............#555.....
##.#.......)#####........
#..........# #######+#
###).......# ##########


You could see a brown ugly thing, a friendly neqoxec (summoned), a friendly
quasit (summoned), a friendly white imp (summoned), 2 friendly shadow imps and a
friendly ufetubus (summoned, expiring).

Vanquished Creatures
  Joseph (D:7)
  Psyche (D:9)
  Maggie (D:7)
  A hippogriff (D:7)
  Prince Ribbit (D:7)
  A wyvern (D:8)
  2 orc warriors (D:9)
  A sky beast (D:8)
  2 ice beasts
  A phantom (D:8)
  5 ogres
  4 centaurs
  A bullfrog (D:9)
  6 big kobolds
  A water moccasin skeleton (D:8)
  A scorpion (D:5)
  2 howler monkeys
  A centaur zombie (D:9)
  A hound (D:8)
  A quasit (D:7)
  A jelly (D:7)
  8 orc priests
  2 bullfrog skeletons
  An iguana (D:4)
  10 worker ants
  A hound zombie (D:3)
  Robin (D:4)
  A worker ant zombie (D:8)
  A howler monkey skeleton (D:6)
  6 gnolls
  12 adders
  2 river rats (Sewer)
  3 white imps
  7 oozes
  3 ufetubi
  An adder skeleton (D:7)
  2 adder zombies (D:9)
  4 worms (Sewer)
  2 dart slugs
  4 leopard geckos
  19 orcs
  3 ball pythons (Sewer)
  8 giant cockroaches
  14 goblins
  8 hobgoblins
  7 jackals
  21 kobolds
  3 quokkas
  6 bats (D:1)
  5 frilled lizards
  A giant cockroach zombie (D:6)
  8 rats
210 creatures vanquished.

Vanquished Creatures (collateral kills)
  A manticore (D:9)
  Eustachio (D:5)
  A sky beast (D:5)
  A black bear (D:5)
  A big kobold (D:7)
  Blork the orc (D:4)
  2 bullfrogs
  An orc wizard (D:5)
  A hound zombie (D:9)
  An adder (D:6)
  A gnoll (D:2)
  An orc (D:5)
  A giant cockroach (D:6)
  A jackal (D:9)
  A ball python (Sewer)
16 creatures vanquished.

Grand Total: 226 creatures vanquished

Notes
Turn   | Place    | Note
-------+----------+-------------------------------------------
     0 | D:1      | Devinter the Demonspawn Gladiator began the quest for the
                  | Orb.
     0 | D:1      | Reached XP level 1. HP: 16/16 MP: 1/1
   218 | D:1      | Reached skill level 2 in Throwing
   218 | D:1      | Gained mutation: A weak demonic guardian rushes to your
                  | aid. [demonic ancestry]
   218 | D:1      | Reached XP level 2. HP: 15/22 MP: 2/2
   570 | D:1      | Reached skill level 3 in Long Blades
   570 | D:1      | Reached skill level 3 in Dodging
   813 | D:1      | Reached XP level 3. HP: 27/28 MP: 3/3
  1276 | D:2      | Noticed a -3 hand axe
  1276 | D:2      | Noticed a +0 dagger
  1277 | D:2      | Found a hide-covered altar of Uskayaw.
  1296 | D:2      | Reached skill level 3 in Fighting
  1417 | D:2      | Found a shimmering altar of Xom.
  1810 | D:3      | Gained mutation: You have sharp fingernails. [demonic
                  | ancestry]
  1810 | D:3      | Reached XP level 4. HP: 35/35 MP: 4/4
  1893 | D:3      | Reached skill level 4 in Long Blades
  2069 | D:3      | Gained mutation: You are partially covered in thin metallic
                  | scales. (AC +2) [demonic ancestry]
  2069 | D:3      | Reached XP level 5. HP: 32/41 MP: 5/5
  2818 | D:4      | Reached skill level 5 in Long Blades
  2958 | D:4      | Found an iron altar of Okawaru.
  3323 | D:4      | Noticed Robin
  3357 | D:4      | Killed Robin
  3628 | D:4      | Noticed Blork the orc
  3640 | D:4      | Killed Blork the orc
  3640 | D:4      | Reached skill level 4 in Fighting
  3640 | D:4      | Reached XP level 6. HP: 46/48 MP: 6/6
  3678 | D:4      | Found Ryameh's Magic Scroll Shoppe.
  3697 | D:4      | Bought a scroll of fog for 20 gold pieces
  3697 | D:4      | Bought a scroll of teleportation for 30 gold pieces
  3697 | D:4      | Bought a scroll of enchant weapon for 75 gold pieces
  3697 | D:4      | Bought a scroll of teleportation for 30 gold pieces
  3697 | D:4      | Bought a scroll of enchant weapon for 75 gold pieces
  3742 | D:4      | Found Johekej's Gadget Shop.
  4004 | D:4      | Reached skill level 1 in Axes
  4064 | D:4      | Reached skill level 5 in Fighting
  4064 | D:4      | Reached skill level 2 in Axes
  4392 | D:5      | Entered Level 5 of the Dungeon
  4392 | D:5      | Noticed Eustachio
  4398 | D:5      | Killed Eustachio
  4398 | D:5      | Reached skill level 3 in Axes
  4398 | D:5      | Reached XP level 7. HP: 56/56 MP: 7/7
  4687 | D:5      | Reached skill level 4 in Axes
  4790 | D:5      | Found a bloodstained altar of Trog.
  4826 | D:5      | Reached skill level 5 in Axes
  4827 | D:5      | Reached skill level 1 in Armour
  5064 | D:5      | Found an ornate altar of the Wu Jian Council.
  5073 | D:5      | Reached skill level 2 in Armour
  5134 | D:5      | Noticed Sigmund
  5304 | D:6      | Gained mutation: You have very sharp fingernails. [demonic
                  | ancestry]
  5304 | D:6      | Reached XP level 8. HP: 52/62 MP: 8/8
  5308 | D:6      | Found a staircase to the Ecumenical Temple.
  5319 | Temple   | Entered the Ecumenical Temple
  5371 | Temple   | Became a worshipper of Makhleb the Destroyer
  5417 | D:6      | Reached skill level 3 in Armour
  5452 | D:6      | Found a shattered altar of Ashenzari.
  5486 | D:6      | Found a glowing drain.
  5512 | Sewer    | Entered a sewer
  5771 | Sewer    | Reached skill level 1 in Invocations
  5889 | Sewer    | Reached skill level 2 in Invocations
  6056 | Sewer    | Reached skill level 6 in Axes
  6256 | Sewer    | Reached skill level 3 in Invocations
  6337 | Sewer    | Reached * piety under Makhleb
  6576 | D:6      | Reached skill level 4 in Invocations
  6807 | D:7      | Noticed Maggie
  6817 | D:7      | HP: 4/62 [Maggie/bolt of fire (18)]
  6827 | D:7      | Killed Maggie
  6827 | D:7      | Reached skill level 5 in Invocations
  7123 | D:7      | Gained mutation: You regenerate a little health from kills.
                  | [demonic ancestry]
  7123 | D:7      | Reached XP level 9. HP: 68/68 MP: 13/13
  7127 | D:7      | Reached skill level 7 in Axes
  7149 | D:7      | Found a basalt altar of Yredelemnul.
  7372 | D:7      | Found a glowing golden altar of the Shining One.
  7377 | D:7      | Reached skill level 6 in Invocations
  7380 | D:7      | Reached ** piety under Makhleb
  7502 | D:7      | Found a shadowy altar of Dithmenos.
  7504 | D:7      | Noticed Prince Ribbit
  7505 | D:7      | Found a hazy altar of Hepliaklqana.
  7512 | D:7      | Killed Prince Ribbit
  7589 | D:7      | Noticed Joseph
  7605 | D:7      | Killed Joseph
  7605 | D:7      | Reached skill level 7 in Invocations
  8062 | D:7      | Reached skill level 8 in Axes
  8062 | D:7      | Reached skill level 8 in Invocations
  8329 | D:8      | Reached skill level 9 in Invocations
  8476 | D:8      | Found a glowing silver altar of Zin.
  8881 | D:9      | Found Lakyexkay's General Store.
  8897 | D:9      | Found a staircase to the Orcish Mines.
  8920 | D:9      | Reached XP level 10. HP: 70/74 MP: 17/17
  8963 | D:9      | Found a roughly hewn altar of Beogh.
  8970 | D:9      | Reached skill level 9 in Axes
  9001 | D:9      | Found an opulent altar of Gozag.
  9077 | D:9      | Noticed a manticore
  9082 | D:9      | Killed a manticore
  9082 | D:9      | Reached skill level 10 in Invocations
  9082 | D:9      | Reached *** piety under Makhleb
  9240 | D:9      | Noticed Psyche
  9255 | D:9      | Killed Psyche
  9356 | D:10     | Entered Level 10 of the Dungeon
  9375 | D:10     | Noticed a brown ugly thing
  9388 | D:10     | HP: 7/74 [brown ugly thing (9)]
  9388 | D:10     | Splashed by a brown ugly thing's acid

Illustrated notes

Levels and vault maps discovered:
D:1:      shiori_shiawase, layout_loops_corners
D:2:      layout_basic, dancing_weapons_uskayaw, xom_teletrap_fun
D:3:      layout_loops_cross
D:4:      layout_basic, serial_shops, shop, shop_scrolls, lemuel_altar_in_water,
          uniq_blork_the_orc, uniq_robin
D:5:      layout_cave_pods, old_standard_altar, bloody_trog, uniq_sigmund,
          uniq_eustachio
D:6:      layout_basic, kennysheep_mini_moat, minmay_temple_entry_purple_smoke,
          gup_sewer_entry_glass
D:7:      layout_basic, kennysheep_mini, lemuel_crystal_altar,
          riverfiend_overflow_shadow_ancestor, uniq_joseph, uniq_prince_ribbit1,
          uniq_maggie
D:8:      layout_loops_ring, marbit_many_paths
D:9:      layout_roguey, lemuel_crystal_altar, minmay_orc_entry_temple_small,
          serial_shops, shop, chequers_serial_rivers_micro_b, minmay_between,
          uniq_psyche
D:10:     layout_roguey, gammafunk_ghost_hive, serial_shops, shop,
          uniq_nergalle, uniq_harold, uniq_maurice
Temple:   nicolae_temple_x_marks_the_god

Skill      XL: |  1  2  3  4  5  6  7  8  9 10 |
---------------+-------------------------------+-----
Throwing       | 2 |  2.0
Long Blades    | 3 4 5 |  5.0
Dodging        | 3 |  3.0
Fighting       | 3 4 5 |  5.0
Axes           | 3 5 6 8 9 |  9.8
Armour         | 2 3 |  3.0
Invocations    | 5 9 10 | 10.0

Action                   |  1- 3 |  4- 6 |  7- 9 | 10-12 || total
-------------------------+-------+-------+-------+-------++-------
Melee: Long sword        |   108 |   161 |       |       ||   269
       Battleaxe         |       |    16 |   331 |    56 ||   403
Throw: Throwing net      |       |     3 |       |       ||     3
Invok: Minor Destruction |       |       |       |     2 ||     2
       Lesser Servant of |       |       |       |     2 ||     2
Evoke: Wand              |       |       |     1 |       ||     1
  Use: Scroll            |       |     5 |     1 |     1 ||     7
       Potion            |       |       |     5 |       ||     5
 Stab: Sleeping          |     2 |     5 |     4 |     1 ||    12
       Held in net/web   |       |     1 |       |       ||     1
       Distracted        |       |       |       |     2 ||     2
Armor: Leather armour    |    24 |    27 |    43 |       ||    94
       Robe              |     2 |    12 |       |       ||    14
       Swamp dragon scal |       |       |    99 |    28 ||   127
Dodge: Dodged            |    97 |   102 |   257 |    32 ||   488
       Rpst.: Long sword |    25 |    32 |       |       ||    57

Table legend: (Time is in decaauts)
 A = Elapsed time spent in this place.
 B = Non-inter-level travel time spent in this place.
 C = Inter-level travel time spent in this place.
 D = Time resting spent in this place.
 E = Time spent auto-exploring this place.
 F = Levels seen in this place.
 G = Mean time per level.
                   A        B        C        D        E       F      G
               +--------+--------+--------+--------+--------+-----+--------+
         Total |   9734 |   9506 |    228 |   1958 |   3055 |  12 |  811.2 |
       Dungeon |   8564 |   8336 |    228 |   1681 |   2742 |  10 |  856.4 |
        Temple |     62 |     62 |      0 |      0 |      0 |   1 |   62.0 |
         Sewer |   1107 |   1107 |      0 |    277 |    313 |   1 | 1107.0 |
               +--------+--------+--------+--------+--------+-----+--------+

Top non-repeatable levels by time:
     D:4: 1601 daAuts
     D:7: 1366 daAuts
     D:1: 1204 daAuts
   Sewer: 1107 daAuts
     D:3: 1049 daAuts
     D:5: 848 daAuts
     D:8: 705 daAuts
     D:6: 614 daAuts
     D:2: 597 daAuts
     D:9: 544 daAuts
  Temple: 62 daAuts
    D:10: 33 daAuts
